 Dungeon Crawl Stone Soup version 0.25.1-2-g60ff931df9 (webtiles) character file.

Game seed: 6498139536348517422

89945 DearestLeader the Earth Mage (level 15, -11/72 HPs)
             Began as a Gargoyle Earth Elementalist on Oct 3, 2020.
             Was a High Priest of Vehumet.
             Mangled by an alligator (14 damage)
             ... led by an alligator
             ... while paralysed
             ... on level 2 of the Lair of Beasts on Oct 4, 2020.
             The game lasted 01:38:11 (35940 turns).

DearestLeader the Earth Mage (GrEE)                Turns: 35940, Time: 01:38:12

Health: -11/72     AC: 27    Str: 12    XL:     15   Next: 99%
Magic:  1/30       EV:  2    Int: 30    God:    Vehumet [*****.]
Gold:   1140       SH:  0    Dex: 10    Spells: 4/36 levels left

rFire    + . .     SeeInvis .   w - staff of wizardry
rCold    . . .     Gourm    .   S - +0 buckler {AC+3}
rNeg     + . .     Faith    .   v - +2 robe {rF+}
rPois    ∞         Spirit   .   B - +2 helmet of Ybruamo {Int+8}
rElec    +         Reflect  +   k - +0 cloak
rCorr    .         Harm     .   O - +3 pair of gauntlets of War {Slay+5}
MR       +....                  G - +0 pair of boots
Stlth    +++.......             J - amulet of reflection
HPRegen  0.22/turn              T - +4 ring of evasion
MPRegen  0.22/turn              r - ring of stealth

@: paralysed, berserk cooldown, flying, slowed
A: big wings, negative energy resistance 1, electricity resistance, unbreathing,
petrification resistance, rot immunity, AC +11
a: Stop Flying, Renounce Religion


You were on level 2 of the Lair of Beasts.
You worshipped Vehumet.
Vehumet was extremely pleased with you.
You were hungry.

You visited 4 branches of the dungeon, and saw 24 of its levels.

You collected 2390 gold pieces.
You spent 1250 gold pieces at shops.

Inventory:

Missiles
 b - 315 stones (quivered)
Armour
 k - a +0 cloak (worn)
 v - a +2 robe of fire resistance (worn)
 B - the +2 helmet of Ybruamo (worn) {Int+8}
   (You bought it in a shop on level 2 of the Orcish Mines)

   It affects your intelligence (+8).
 G - a +0 pair of boots (worn)
 O - the +3 pair of gauntlets of War (worn) {Slay+5}
   (You found it on level 1 of the Lair of Beasts)

   It affects your accuracy and damage with ranged weapons and melee attacks
   (+5).
 S - a +0 buckler of protection (worn)
Magical Staves
 w - an uncursed staff of wizardry (weapon)
 U - an uncursed staff of cold
Jewellery
 r - a ring of stealth (right hand)
 J - an amulet of reflection (around neck)
 T - a +4 ring of evasion (left hand)
 X - the amulet of False Hope {rF++ Regen+ Int-2}
   (You found it on level 6 of the Lair of Beasts)

   [amulet of regeneration]

   It affects your intelligence (-2).
   It greatly protects you from fire.
   It increases your rate of regeneration.
Wands
 c - a wand of clouds (11)
 u - a wand of paralysis (19)
 y - a wand of iceblast (28)
 C - a wand of enslavement (8)
 F - a wand of flame (10)
 L - a wand of disintegration (13)
 M - a wand of acid (37)
 V - a wand of digging (10)
Scrolls
 e - 6 scrolls of enchant weapon
 f - a scroll of brand weapon {unknown}
 g - 3 scrolls of fog
 h - 7 scrolls of remove curse
 l - a scroll of torment {unknown}
 n - 2 scrolls of fear
 s - 3 scrolls of immolation
 A - 5 scrolls of magic mapping
 D - a scroll of blinking
 E - 2 scrolls of identify
 H - 2 scrolls of teleportation
 I - 3 scrolls of amnesia
 N - 2 scrolls of enchant armour
 P - 2 scrolls of random uselessness {unknown}
 Q - 2 scrolls of summoning {unknown}
 R - a scroll of holy word {unknown}
Potions
 a - 3 potions of stabbing
 i - 3 potions of mutation
 m - 2 potions of berserk rage
 o - 8 potions of curing
 p - 5 potions of haste
 q - 3 potions of heal wounds
 t - a potion of cancellation {unknown}
 x - 2 potions of brilliance {unknown}
 z - 3 potions of might {unknown}
 K - 2 potions of invisibility {unknown}
 W - a potion of lignification {unknown}
Miscellaneous
 j - a tin of tremorstones (3/3)
Comestibles
 d - 43 rations


   Skills:
 + Level 7.5 Dodging
 - Level 2.1 Stealth
 - Level 4.0 Shields
 * Level 11.4 Spellcasting
 * Level 14.1 Conjurations
 - Level 3.6 Transmutations
 - Level 6.5 Ice Magic
 - Level 2.2 Air Magic
 + Level 19.1 Earth Magic
 - Level 4.0 Poison Magic


You had 4 spell levels left.
You knew the following spells:

 Your Spells              Type           Power        Failure   Level  Hunger
a - Sandblast             Erth           ######       0%          1    None
b - Passwall              Tmut/Erth      ######..     1%          2    None
c - Stone Arrow           Conj/Erth      ######       0%          3    None
d - Lee's Rapid Deconstr  Erth           #######...   1%          5    ##.....
e - Petrify               Tmut/Erth      ######..     1%          4    None
f - Mephitic Cloud        Conj/Pois/Air  ######..     1%          3    None
g - Starburst             Conj/Fire      ######....   3%          6    #####..
h - Freezing Cloud        Conj/Ice/Air   ######....   2%          6    #####..
i - Swiftness             Chrm/Air       ###.....     1%          2    None

Your spell library contained the following spells:

 Spells                   Type           Power        Failure   Level  Hunger
 Iron Shot                Conj/Erth      #######...   1%          6    #####..
 Freeze                   Ice            ####         1%          1    None
 Shock                    Conj/Air       ####         1%          1    None
 Frozen Ramparts          Ice            ######       1%          3    None
 Ozocubu's Armour         Chrm/Ice       #####...     1%          3    None
 Static Discharge         Conj/Air       ######..     1%          3    None
 Airstrike                Air            ####......   1%          4    None
 Hailstorm                Conj/Ice       ######..     1%          4    None
 Summon Ice Beast         Ice/Summ       #####...     3%          4    None
 Lightning Bolt           Conj/Air       ######....   1%          5    ##.....


Dungeon Overview and Level Annotations

Branches:
Dungeon (15/15)            Temple (0/1) D:7            Lair (6/6) D:10
  Swamp (1/4) Lair:2        Snake (0/4) Lair:3        Slime (0/5) Lair:6
    Orc (2/2) D:11            Elf (0/3) Orc:2        Depths (0/5) D:15
 Vaults: D:13-14

Altars:
Ashenzari
Cheibriados
Elyvilon
Nemelex Xobeh
Okawaru
Ru
Trog
Vehumet
Xom
Yredelemnul
The Shining One
Beogh

Shops:
D:11 [   Orc:2 ?%![

Annotations:
D:4 2 runed translucent doors, Gaxx's ghost, amateur DsGl
Lair:6 exclusion: oklob plant


Innate Abilities, Weirdness & Mutations

You are resistant to torment.
Your stone body is resilient. (AC +11)
You are immune to poison.
Your large and strong wings let you fly indefinitely.
You resist negative energy. (rN+)
You are resistant to electric shocks. (rElec)
You can survive without breathing.
You are immune to petrification.
You are immune to rotting.


Message History

The alligator misses you.
A red film seems to cover your vision as you go berserk!
You feel yourself moving faster!
You feel mighty! The alligator closely misses you.
You block the alligator's attack. The alligator bites you.
* * * LOW HITPOINT WARNING * * *
The alligator completely misses you.
You are too berserk!
Unknown command.
You are too berserk!
You feel a strong urge to attack something.
You feel your anger nearly subside.
You are no longer berserk.
You pass out from exhaustion.
You feel yourself slow down.
The alligator bites you but does no damage.
The alligator tail-slaps you.
* * * LOW HITPOINT WARNING * * *
The alligator bites you!
You die...

...#....#.##.##.......#.....##...
...+...........#.....##.....##...
........#...........<.+.....##...
..#.....#.....##......P.....##...
..##.....#...........#.......#...
..##....#.....#.......##.#.#.P...
..##.....##...##.....#######PP...
#+#......##...##........§§§......
................@t....§.§§§§.....
........>.............§.§§.......
......................§.§§§§.....
.......................§.........
..##....P##.+#..#P...##'##.P##...
#..##...##P..##.#P...##.##.P##...
...#P...##......##...#.§.....#...
...##...#........#..........PP...
...##...##......#................


You could see an alligator (swift).

Vanquished Creatures
  Rupert (Lair:6)
  An orc warlord (Orc:1)
  An emperor scorpion (D:15)
  Nessos (Orc:2)
  A dire elephant (Lair:6)
  2 ogre magi (D:15)
  7 hydras
  2 centaur warriors (D:14)
  An alligator (Lair:2)
  An anaconda (Lair:6)
  Erica (D:8)
  9 two-headed ogres
  5 death yaks (Lair:5)
  An unseen horror (D:15)
  Pikel (D:5)
  A wizard (D:14)
  A deep elf mage (D:14)
  5 orc knights
  An orc sorcerer (Orc:1)
  7 ugly things
  3 cyclopes
  4 black mambas
  16 elephants
  6 manticores
  3 centaur zombies
  An eye of devastation (shapeshifter) (D:15)
  14 spiny frogs
  A gargoyle (D:12)
  3 rime drakes
  A freezing wraith (D:14)
  16 komodo dragons
  An efreet (D:12)
  A queen bee (Lair:4)
  3 meliai (Lair:4)
  11 trolls
  2 polar bears
  13 hippogriffs
  6 hornets
  Grinder (D:6)
  14 blink frogs
  4 dream sheep (Lair:5)
  Sigmund (D:5)
  5 wyverns
  2 wraiths
  4 shadows
  30 yaks
  5 hungry ghosts
  Grum (D:11)
  8 basilisks
  4 wargs (Orc:1)
  2 acid dragons (D:14)
  11 water moccasins
  13 porcupines
  2 ice beasts
  2 black bears (D:10)
  39 orc warriors
  3 sky beasts
  A slave (D:5)
  3 necrophages
  3 eyes of draining
  A phantom (D:7)
  9 ogres
  12 wolves
  19 centaurs
  18 crocodiles
  2 big kobolds
  23 bullfrogs
  A water moccasin zombie (D:6)
  5 scorpions
  27 killer bees (Lair:4)
  13 wights
  7 howler monkeys
  9 crimson imps
  4 bullfrog zombies
  A quasit (D:13)
  A jelly (D:14)
  5 hounds
  10 orc wizards
  A bullfrog skeleton (D:5)
  9 orc priests
  6 iguanas
  6 centaur skeletons
  8 worker ants
  Terence (D:2)
  A hound skeleton (D:4)
  A worker ant zombie (D:10)
  4 gnolls (D:9)
  9 adders
  4 shadow imps
  An adder zombie (D:4)
  A worm (D:3)
  A dart slug (D:4)
  5 leopard geckos
  116 orcs
  8 hobgoblins
  13 jackals
  14 kobolds
  5 quokkas
  3 ball pythons
  6 bats
  7 frilled lizards
  10 goblins
  2 jackal skeletons (D:5)
  A quokka zombie (D:5)
  6 rats
  A spectral orc (D:7)
  4 plants (Lair:6)
734 creatures vanquished.

Vanquished Creatures (others)
  An ogre (D:6)
  A bullfrog skeleton (D:6)
  A worker ant (D:6)
  31 fungi
  22 plants
56 creatures vanquished.

Grand Total: 790 creatures vanquished

Notes
Turn   | Place    | Note
-------+----------+-------------------------------------------
     0 | D:1      | DearestLeader the Gargoyle Earth Elementalist began the
                  | quest for the Orb.
     0 | D:1      | Reached XP level 1. HP: 10/10 MP: 3/3
   127 | D:1      | Found a glowing golden altar of the Shining One.
   162 | D:1      | Reached skill level 4 in Earth Magic
   190 | D:1      | Reached XP level 2. HP: 8/15 MP: 0/5
   785 | D:1      | Reached XP level 3. HP: 14/19 MP: 6/6
  1026 | D:2      | Reached skill level 5 in Earth Magic
  1578 | D:2      | Noticed Terence
  1592 | D:2      | Killed Terence
  1592 | D:2      | Reached skill level 6 in Earth Magic
  1592 | D:2      | Reached XP level 4. HP: 19/24 MP: 1/7
  1878 | D:2      | You fall into a shaft and drop 2 floors!
  2068 | D:2      | Found a white marble altar of Elyvilon.
  2241 | D:3      | Learned a level 2 spell: Passwall
  2245 | D:3      | Learned a level 3 spell: Stone Arrow
  2307 | D:3      | Reached XP level 5. HP: 21/28 MP: 5/8
  2459 | D:3      | Reached skill level 7 in Earth Magic
  2517 | D:3      | Found a radiant altar of Vehumet.
  2528 | D:3      | Became a worshipper of Vehumet
  2547 | D:3      | Found a bloodstained altar of Trog.
  2798 | D:4      | Found a runed translucent door.
  2838 | D:4      | Noticed Gaxx's ghost (amateur DsGl)
  3129 | D:4      | Reached XP level 6. HP: 27/32 MP: 9/9
  3175 | D:4      | Reached skill level 8 in Earth Magic
  3214 | D:4      | Found a runed translucent door.
  3355 | D:4      | Found a snail-covered altar of Cheibriados.
  3366 | D:4      | Reached skill level 9 in Earth Magic
  3525 | D:4      | Reached XP level 7. HP: 22/36 MP: 7/10
  4028 | D:5      | Entered Level 5 of the Dungeon
  4776 | D:5      | Reached skill level 10 in Earth Magic
  4778 | D:5      | Reached * piety under Vehumet
  4778 | D:5      | Offered knowledge of Shock by Vehumet.
  4894 | D:5      | Noticed Sigmund
  4902 | D:5      | Killed Sigmund
  4999 | D:5      | Reached XP level 8. HP: 41/41 MP: 5/12
  5170 | D:6      | Noticed a wyvern
  5177 | D:6      | Killed a wyvern
  5268 | D:6      | Reached skill level 11 in Earth Magic
  5291 | D:6      | Learned a level 5 spell: Lee's Rapid Deconstruction
  5296 | D:6      | Noticed Grinder
  5299 | D:6      | Noticed Pikel
  5308 | D:6      | Paralysed by Grinder for 4 turns
  5325 | D:6      | Paralysed by Pikel for 5 turns
  5342 | D:5      | Killed Pikel
  5342 | D:5      | Reached XP level 9. HP: 22/45 MP: 6/15
  5530 | D:6      | Killed Grinder
  5530 | D:6      | Reached skill level 12 in Earth Magic
  5553 | D:6      | Reached skill level 5 in Spellcasting
  5568 | D:6      | Learned a level 4 spell: Petrify
  5884 | D:6      | Reached skill level 1 in Transmutations
  7042 | D:7      | Found a staircase to the Ecumenical Temple.
  7192 | D:7      | Found a basalt altar of Yredelemnul.
  7269 | D:7      | Found a shimmering altar of Xom.
  7271 | D:7      | Found a shattered altar of Ashenzari.
  7274 | D:7      | Offered knowledge of Foxfire by Vehumet.
  7626 | D:8      | Noticed Erica
  7633 | D:8      | Killed Erica
  7633 | D:8      | Reached skill level 13 in Earth Magic
  7633 | D:8      | Reached XP level 10. HP: 27/50 MP: 1/18
  7820 | D:8      | Found a sacrificial altar of Ru.
  7831 | D:8      | Reached ** piety under Vehumet
  7930 | D:8      | Reached skill level 5 in Conjurations
  8889 | D:9      | Offered knowledge of Mephitic Cloud by Vehumet.
  8894 | D:9      | Learned a level 3 spell: Mephitic Cloud
  9372 | D:9      | Found a sparkling altar of Nemelex Xobeh.
  9397 | D:9      | Reached skill level 1 in Poison Magic
  9401 | D:9      | Reached skill level 14 in Earth Magic
  9485 | D:9      | Found an iron altar of Okawaru.
  9581 | D:9      | Reached skill level 1 in Air Magic
  9968 | D:10     | Entered Level 10 of the Dungeon
 10021 | D:10     | Found a shattered altar of Ashenzari.
 10244 | D:10     | Reached *** piety under Vehumet
 10356 | D:10     | Reached XP level 11. HP: 54/54 MP: 8/21
 10644 | D:10     | Found a staircase to the Lair.
 11446 | D:10     | Found a roughly hewn altar of Beogh.
 11448 | D:10     | Offered knowledge of Inner Flame by Vehumet.
 12027 | Lair:1   | Entered Level 1 of the Lair of Beasts
 12239 | Lair:1   | Reached **** piety under Vehumet
 12444 | Lair:1   | Reached skill level 15 in Earth Magic
 12620 | Lair:1   | Offered knowledge of Iskenderun's Mystic Blast by Vehumet.
 12894 | Lair:1   | Found the +3 pair of gauntlets of War {Slay+5}
 13827 | Lair:2   | Found a staircase to the Swamp.
 13847 | Lair:2   | Reached XP level 12. HP: 59/59 MP: 13/23
 14016 | Lair:2   | Reached skill level 1 in Shields
 14375 | Lair:2   | Reached skill level 16 in Earth Magic
 16094 | Lair:3   | Found a staircase to the Snake Pit.
 16290 | Lair:3   | Reached ***** piety under Vehumet
 16749 | Lair:4   | Offered knowledge of Starburst by Vehumet.
 16761 | Lair:4   | Learned a level 6 spell: Starburst
 16984 | Lair:4   | Reached XP level 13. HP: 63/63 MP: 10/25
 16985 | Lair:4   | Reached skill level 17 in Earth Magic
 18263 | Lair:4   | Reached skill level 10 in Conjurations
 19936 | Lair:5   | Reached skill level 18 in Earth Magic
 20453 | Lair:5   | You fall into a shaft and drop 1 floor!
 20453 | Lair:6   | Entered Level 6 of the Lair of Beasts
 20825 | Lair:6   | Found a staircase to the Slime Pits.
 20828 | Lair:6   | Offered knowledge of Airstrike by Vehumet.
 20843 | Lair:6   | Noticed Rupert
 20847 | Lair:5   | Reached skill level 5 in Dodging
 21383 | Lair:6   | Gained mutation: Your large and strong wings let you fly
                  | indefinitely. [Gargoyle growth]
 21383 | Lair:6   | Reached XP level 14. HP: 62/68 MP: 3/27
 21438 | Lair:6   | Reached skill level 10 in Spellcasting
 21760 | Lair:6   | Killed Rupert
 23378 | Lair:6   | Got a scintillating emerald amulet
 23380 | Lair:6   | Identified the amulet of False Hope {rF++ Regen+ Int-2}
                  | (You found it on level 6 of the Lair of Beasts)
 24120 | Lair:6   | Noticed a dire elephant
 24120 | Lair:6   | Noticed a dire elephant
 24238 | Lair:6   | Noticed a dire elephant
 24254 | Lair:6   | Noticed a dire elephant
 24603 | D:11     | Noticed Grum
 24614 | D:11     | Killed Grum
 24840 | D:11     | Offered knowledge of Freezing Cloud by Vehumet.
 24848 | D:11     | Learned a level 6 spell: Freezing Cloud
 24892 | D:11     | Found Laephode's Antique Armour Shoppe.
 24919 | D:11     | Bought an embroidered robe for 70 gold pieces
 24919 | D:11     | Bought a cloak for 85 gold pieces
 25482 | D:11     | Found a staircase to the Orcish Mines.
 25523 | D:11     | Reached skill level 1 in Ice Magic
 26021 | Orc:1    | Entered Level 1 of the Orcish Mines
 26359 | Orc:1    | Noticed an orc warlord
 26622 | Orc:1    | Killed an orc warlord
 27126 | Orc:1    | Found a roughly hewn altar of Beogh.
 27328 | Orc:2    | Entered Level 2 of the Orcish Mines
 27328 | Orc:2    | Found a staircase to the Elven Halls.
 27846 | Orc:2    | Noticed Nessos
 28058 | Orc:2    | Offered knowledge of Fireball by Vehumet.
 28284 | Orc:2    | Killed Nessos
 28519 | Orc:2    | Found Zaetamei's Food Shop.
 28519 | Orc:2    | Found Yrphes's Distillery.
 28519 | Orc:2    | Found Vetuon's Antique Armour Emporium.
 28522 | Orc:2    | Found Jigocoiph's Magic Scroll Boutique.
 28529 | Orc:2    | Bought a distressingly furry helmet for 199 gold pieces
 28534 | Orc:2    | Bought a scroll of enchant armour for 97 gold pieces
 28534 | Orc:2    | Bought a scroll of acquirement for 676 gold pieces
 28534 | Orc:2    | Bought a scroll of amnesia for 45 gold pieces
 28534 | Orc:2    | Bought a scroll of teleportation for 39 gold pieces
 28534 | Orc:2    | Bought a scroll of teleportation for 39 gold pieces
 28534 | Orc:2    | Acquired a book of Maledictions
 28549 | Orc:2    | Identified the +2 helmet of Ybruamo {Int+8} (You bought it
                  | in a shop on level 2 of the Orcish Mines)
 28742 | Orc:2    | Reached XP level 15. HP: 69/72 MP: 5/29
 29900 | D:12     | Found a shimmering altar of Xom.
 31580 | D:13     | You are sucked into a shaft and drop 1 floor!
 31594 | D:14     | Offered knowledge of Irradiate by Vehumet.
 31786 | D:14     | Reached skill level 5 in Ice Magic
 32464 | D:14     | Learned a level 2 spell: Swiftness
 32869 | D:15     | Entered Level 15 of the Dungeon
 33580 | D:15     | Paralysed by an ogre mage for 7 turns
 33592 | D:15     | Paralysed by an ogre mage for 3 turns
 33595 | D:15     | Reached skill level 19 in Earth Magic
 33815 | D:15     | Found a staircase to the Depths.
 34000 | D:15     | Noticed an emperor scorpion
 34443 | D:15     | Offered knowledge of Iron Shot by Vehumet.
 35019 | D:15     | Killed an emperor scorpion
 35913 | Swamp:1  | Entered Level 1 of the Swamp
 35940 | Lair:2   | HP: 3/72 [alligator[an alligator] (3)]
 35940 | Lair:2   | Mangled by an alligator

Illustrated notes

Levels and vault maps discovered:
D:1:      wander_arrival_desolate, layout_rooms, tso_metal_star
D:2:      layout_loops_ring, lemuel_coloured_pillars_altar, grunt_ministairs_7,
          uniq_terence
D:3:      layout_rooms, overflow_temple_1_default, vehumet_crystals
D:4:      layout_gridville, enter_ossuary_1, ebering_ghost_sewer_f,
          first_ration, kennysheep_slug_shrine
D:5:      layout_gridville, serial_park_tiny_pond, kennysheep_cross_room,
          minmay_stone_trees_medium, kennysheep_generic_room_13, uniq_sigmund
D:6:      layout_basic, serial_bayou_pond_d, uniq_grinder, uniq_pikel
D:7:      layout_rooms, grunt_temple_overflow_open,
          yredelemnul_forgotten_temple_becter, minmay_temple_entry_steel_oval,
          grunt_ogre_cave
D:8:      layout_basic, nicolae_ru_great_annihilating_truth, uniq_erica
D:9:      layout_loops_ring, kennysheep_mini_moat, kennysheep_okawaru_gauntlet
D:10:     layout_long_grid, minmay_lair_entry_grove, special_room
          [special_room_orc], evilmike_ruin_ashenzari
D:11:     layout_loops_ring, hiddenorc2_lemuel, serial_shops,
          nicolae_shop_stone, uniq_grum
D:12:     layout_loops_corners, gauntlet_entry_generic,
          brannock_xom_greatest_gift
D:13:     layout_irregular_city, david_vaults_1, palyth_stone_intersect
D:14:     layout_loops_ring, minmay_stone_trees_small
D:15:     hangedman_depths_entry_try_elsewhere_first, layout_cave_pools,
          serial_park_tiny_1
Lair:1:   layout_cave_pods, st_stairs_4, beast_lair_carwin_2
Lair:2:   layout_regular_city, swamp_mist
Lair:3:   layout_concentric_octagons, guppyfry_snake_entry_garden,
          beast_lair_carwin_4
Lair:4:   regret_index_combs_of_tragedy, layout_gridlike, grunt_megastairs_3,
          lemuel_fruit_tree
Lair:5:   layout_cave_pods, grunt_megastairs_2
Lair:6:   due_jungle_book, layout_misc_corridors, slime_dummy, minivault_23,
          serial_bayou_shore_b, minmay_lair_oklob_chamber, grunt_megastairs_5,
          uniq_rupert
Swamp:1:  layout_basic_swamp, evilmike_swamp_ruin_house_5, uniq_jorgrun
Orc:1:    layout_diamond_mine, minmay_orc_temple_a
Orc:2:    st_orc_rangers, layout_diamond_mine, uniq_nessos

Skill      XL: |  1  2  3  4  5  6  7  8  9 10 11 12 13 14 15 |
---------------+----------------------------------------------+-----
Earth Magic    | 4 6 7 9 10 11 13 14 15 16 18 19 | 19.1
Spellcasting   | 3 4 5 6 7 8 9 10 11 | 11.4
Conjurations   | 2 4 6 8 9 11 12 14 | 14.1
Transmutations | 3 |  3.6
Poison Magic   | 2 4 |  4.0
Air Magic      | 1 2 |  2.2
Shields        | 4 |  4.0
Dodging        | 3 5 6 7 |  7.5
Ice Magic      | 3 6 |  6.5
Stealth        | |  2.1

Action                   |  1- 3 |  4- 6 |  7- 9 | 10-12 | 13-15 || total
-------------------------+-------+-------+-------+-------+-------++-------
Melee: Unarmed           |    12 |       |       |       |       ||    12
       Hand axe          |    26 |       |       |       |       ||    26
       Dagger            |    74 |   171 |   109 |       |       ||   354
       Staff             |       |       |    19 |   149 |   226 ||   394
Throw: Stone             |       |       |       |     1 |       ||     1
 Cast: Sandblast         |    19 |    12 |    60 |    91 |   230 ||   412
       Stone Arrow       |       |       |    33 |   233 |   689 ||   955
       Lee's Rapid Decon |       |       |     1 |    42 |    61 ||   104
       Petrify           |       |       |       |    13 |    12 ||    25
       Mephitic Cloud    |       |       |       |     3 |    12 ||    15
       Starburst         |       |       |       |       |     4 ||     4
       Swiftness         |       |       |       |       |     2 ||     2
       Freezing Cloud    |       |       |       |       |     1 ||     1
 Abil: Fly               |       |       |       |       |     1 ||     1
Evoke: Wand              |       |       |       |       |     2 ||     2
  Use: Scroll            |       |     3 |       |    11 |    13 ||    27
       Potion            |       |       |       |     1 |     2 ||     3
 Stab: Sleeping          |     1 |     1 |     1 |       |     1 ||     4
       Paralysed         |       |       |       |     4 |       ||     4
       Invisible         |       |       |       |     1 |       ||     1
       Petrifying        |       |       |       |     1 |       ||     1
  Eat: Chunk             |     2 |     7 |    18 |    25 |    54 ||   106
       Ration            |       |       |       |     5 |     4 ||     9
Armor: Robe              |    30 |    49 |    79 |   160 |   227 ||   545
Dodge: Dodged            |    82 |   104 |   111 |   157 |   471 ||   925
Block: Other             |       |       |       |    47 |       ||    47
       Reflection        |       |       |       |     1 |    34 ||    35
       Buckler           |       |       |       |    20 |   311 ||   331
